 Dungeon Crawl Stone Soup version 0.29.1-1-gd02db6906a (webtiles) character file.

Game seed: 6517831797772962984

233 Tsarbomb the Digger (level 6, -9/32 HPs)
             Began as a Gargoyle Earth Elementalist on Sept 15, 2022.
             Mangled by an ogre
             ... wielding a +0 giant club
              (29 damage)
             ... on level 5 of the Dungeon on Sept 17, 2022.
             The game lasted 00:12:22 (4134 turns).

Tsarbomb the Digger (Gargoyle Earth Elementalist)   Turns: 4134, Time: 00:12:23

Health: -9/32      AC:  8    Str: 12    XL:     6   Next: 4%
Magic:  2/9        EV: 11    Int: 17    God:
Gold:   233        SH:  0    Dex: 10    Spells: 3/9 levels left

rFire   . . .      SeeInvis .   t - +2 dagger (venom)
rCold   . . .      Faith    .   (no shield)
rNeg    + . .      Spirit   .   e - +0 leather armour
rPois   ∞          Reflect  .   (no helmet)
rElec   +          Harm     .   (no cloak)
rCorr   .          Rampage  .   (no gloves)
Will    .....                   f - +0 pair of boots
Stlth   ++........              (no amulet)
HPRegen 0.10/turn               (no ring)
MPRegen 0.11/turn               (no ring)

@: no status effects
A: sickness immunity, AC +4, negative energy resistance 1, electricity
resistance, torment resistance 1, petrification resistance
a: no special abilities


You were on level 5 of the Dungeon.
You visited 1 branch of the dungeon, and saw 5 of its levels.

You collected 233 gold pieces.

Inventory:

Hand Weapons
 r - a +1 dagger of protection
 t - a +2 dagger of venom (weapon)
Missiles
 u - a throwing net
Armour
 a - a +0 robe
 e - a +0 leather armour (worn)
 f - a +0 pair of boots (worn)
 x - a +0 buckler of protection
Jewellery
 m - an amulet of reflection
Scrolls
 d - a scroll of enchant armour {unknown}
 h - a scroll of noise {unknown}
 i - 2 scrolls of magic mapping {unknown}
 j - a scroll of silence {unknown}
 k - 2 scrolls of summoning {unknown}
 n - 2 scrolls of teleportation {unknown}
 p - 2 scrolls of immolation {unknown}
 s - 2 scrolls of identify {unknown}
Potions
 b - a potion of magic
 c - 3 potions of degeneration {unknown}
 g - a potion of brilliance {unknown}
 l - a potion of lignification {unknown}
 o - a potion of invisibility {unknown}
 q - a potion of resistance {unknown}
 v - a potion of attraction {unknown}
 w - a potion of heal wounds {unknown}


   Skills:
 - Level 1.4 Short Blades
 - Level 1.7 Dodging
 - Level 2.2 Stealth
 * Level 1.0 Shields
 - Level 2.2 Spellcasting
 * Level 1.6 Conjurations
 - Level 0.7 Transmutations
 + Level 6.7 Earth Magic


You had 3 spell levels left.
You knew the following spells:

 Your Spells              Type           Power      Damage    Failure   Level
a - Sandblast             Erth           48%        2d12      1%          1
b - Passwall              Tmut/Erth      11%        N/A       8%          2
c - Stone Arrow           Conj/Erth      32%        3d9       13%         3

Your spell library contained the following spells:

 Spells                   Type           Power      Damage    Failure   Level
 Ensorcelled Hibernation  Hex/Ice        2%         N/A       36%         2
 Swiftness                Air            1%         N/A       58%         3
 Petrify                  Tmut/Erth      14%        N/A       45%         4


Dungeon Overview and Level Annotations

Branches:
Dungeon (5/15)
 Temple: D:4-7

Altars:

Shops:
D:1 [[((

Annotations:
D:4 exclusion: door
D:5 exclusion: phantom


Innate Abilities, Weirdness & Mutations

You are immune to sickness and miasma.
Your stone body is resilient. (AC +4)
You are immune to poison.
You resist negative energy. (rN+)
You are resistant to electric shocks. (rElec)
You are resistant to unholy torment.
You are immune to petrification.


Message History

The blast of sand hits the ogre!
You kill the ogre!
Your Shields skill increases to level 1!
You have reached level 6!
(D) Dungeon
Where to? (Enter - D:4 @ (x,y), ? - help)
Things that are here:
a +0 giant spiked club; an ogre corpse
There is a stone staircase leading down here.
You climb downwards.
Level annotation: exclusion: phantom The ogre barely misses you.
There is a stone staircase leading up here.
An ogre is nearby!
Casting: Sandblast (safe; 1% risk of failure)
Confirm with . or Enter, or press ? or * to list all spells.
Aiming: Sandblast (safe; 1% risk of failure)
Press: ? - help, Shift-Dir - straight line, f - ogre
Aim: an ogre, wielding a +0 giant club (92% to hit)
The blast of sand hits the ogre!
The ogre is moderately wounded.
The ogre barely misses you.
Casting: Sandblast (safe; 1% risk of failure)
Confirm with . or Enter, or press ? or * to list all spells.
Aiming: Sandblast (safe; 1% risk of failure)
Press: ? - help, Shift-Dir - straight line, f/p - ogre
Aim: an ogre, wielding a +0 giant club (moderately wounded, 92% to hit)
The blast of sand hits the ogre.
The ogre is heavily wounded.
The ogre hits you with a +0 giant club!
Casting: Sandblast (safe; 1% risk of failure)
Confirm with . or Enter, or press ? or * to list all spells.
Aiming: Sandblast (safe; 1% risk of failure)
Press: ? - help, Shift-Dir - straight line, f/p - ogre
Aim: an ogre, wielding a +0 giant club (heavily wounded, 92% to hit)
The blast of sand hits the ogre but does no damage.
The ogre is heavily wounded.
The ogre hits you with a +0 giant club!!
Ouch! That really hurt!
You die... #O# ... #.# o.o

#.# .... #.#
#.# ###.###
#.....#
#.#.#.######
#.#......@O#
. ###.####.#
## ...# #.#
#.### #.# ##
... ...##
#.### W. #..


You could see an ogre.

Vanquished Creatures
  An ogre (D:4)
  An orc wizard (D:5)
  2 adders
  3 gnolls (D:4)
  An ufetubus (D:4)
  A worm (D:4)
  A dart slug (D:4)
  3 orcs
  5 bats
  6 endoplasms
  A giant cockroach (D:4)
  7 goblins
  6 hobgoblins
  6 kobolds
  A quokka (D:4)
  10 ball pythons
  4 frilled lizards
  5 rats
64 creatures vanquished.

Notes
Turn   | Place    | Note
-------+----------+-------------------------------------------
     0 | D:1      | Tsarbomb the Gargoyle Earth Elementalist began the quest
                  | for the Orb.
     0 | D:1      | Reached XP level 1. HP: 10/10 MP: 3/3
   173 | D:1      | Reached XP level 2. HP: 15/15 MP: 3/5
   195 | D:1      | Found Rame Kya's Armour Boutique.
   200 | D:1      | Reached skill level 4 in Earth Magic
   315 | D:1      | Learned a level 2 spell: Passwall
   345 | D:1      | Found a faded altar of an unknown god.
   413 | D:1      | Found Qetocim's Weapon Shoppe.
   582 | D:1      | Found Qase's Antique Armour Boutique.
   585 | D:1      | Reached XP level 3. HP: 19/19 MP: 4/6
   836 | D:1      | Found Isisixzo's Weapon Emporium.
  2073 | D:3      | Learned a level 3 spell: Stone Arrow
  2395 | D:3      | Reached skill level 5 in Earth Magic
  2806 | D:4      | Noticed a scorpion
  3002 | D:4      | Reached skill level 1 in Short Blades
  3002 | D:4      | Reached XP level 4. HP: 24/24 MP: 4/7
  3249 | D:4      | Noticed an ogre
  3787 | D:4      | Reached skill level 1 in Conjurations
  3792 | D:4      | Reached XP level 5. HP: 26/28 MP: 0/8
  4016 | D:5      | Entered Level 5 of the Dungeon
  4019 | D:5      | Noticed a phantom
  4060 | D:5      | Reached skill level 6 in Earth Magic
  4061 | D:5      | Noticed an ogre
  4124 | D:4      | Killed an ogre
  4125 | D:4      | Reached skill level 1 in Shields
  4125 | D:4      | Reached XP level 6. HP: 25/32 MP: 3/9
  4134 | D:5      | Mangled by an ogre

Illustrated notes

Levels and vault maps discovered:
D:1:      matt_arrival_grand_opening, layout_loops_ring, serial_shops,
          nicolae_shop_bloodbath_and_beyond, shop, shop, shop,
          ebering_ecumenical_altar_abandoned, chequers_serial_rivers_micro_b
D:2:      layout_loops_corners, chequers_serial_rivers_micro_e,
          dk_noncrumbling_2
D:3:      layout_basic
D:4:      layout_basic, cheibrodos_sewer_entry_drain, nrook_mini_vaults
D:5:      nicolae_BIG_FREAKIN_CUBE, layout_loops_ring,
          overflow_temple_1_default, grunt_temple_overflow_open, uniq_ijyb

Skill      XL: |  1  2  3  4  5 |
---------------+----------------+-----
Earth Magic    | 4 5 6 |  6.7
Short Blades   | 1 |  1.4
Conjurations   | 1 |  1.6
Shields        | 1 |  1.0
Dodging        | |  1.7
Stealth        | |  2.2
Spellcasting   | |  2.2
Transmutations | |  0.7

Action                   |  1- 3 |  4- 6 || total
-------------------------+-------+-------++-------
Melee: Dagger            |    10 |    11 ||    21
       Punch             |       |     1 ||     1
 Cast: Sandblast         |    48 |    34 ||    82
       Passwall          |       |     1 ||     1
 Stab: Sleeping          |     2 |       ||     2
Armor: Leather armour    |     2 |    10 ||    12
Dodge: Dodged            |     7 |    13 ||    20
